 Dungeon Crawl Stone Soup version 0.31-a0-435-g2c6fae2916 (webtiles) character file.

Game seed: 1527176800355542207

36 ragingrage the Shooter (level 3, -1/24 HPs)
             Began as an Octopode Hunter on Aug 1, 2023.
             Slain by an orc
             ... wielding a +0 hand axe
              (6 damage)
             ... on level 2 of the Dungeon.
             The game lasted 00:00:57 (454 turns).

ragingrage the Shooter (Octopode Hunter)             Turns: 454, Time: 00:00:58

Health: -1/24      AC:  1    Str: 10    XL:     3   Next: 37%
Magic:  3/3        EV: 13    Int: 11    God:
Gold:   31         SH:  0    Dex: 17    Spells: 2/2 levels left

rFire   . . .        a - +0 shortbow
rCold   . . .        (shield currently unavailable)
rNeg    . . .        (helmet restricted)
rPois   .            (no amulet)
rElec   .            (no ring)
rCorr   .            (no ring)
SInv    .            (no ring)
Will    .....        (no ring)
Stlth   +++          (no ring)
HPRegen 0.24/turn    (no ring)
MPRegen 0.08/turn    (no ring)
                     (no ring)

%: no passive effects
@: no status effects
A: almost no armour, amphibious, 8 rings, camouflage 1, gelatinous body 1,
(nimble swimmer 1), tentacles
a: no special abilities


You were on level 2 of the Dungeon.
You visited 1 branch of the dungeon, and saw 2 of its levels.

You collected 31 gold pieces.

Inventory:

Hand Weapons
 a - a +0 shortbow (weapon)
 b - the +6 hand axe of the Blind Eye {drain, rN++ Dex-2}
   (You took it off a goblin on level 2 of the Dungeon)

   Dex:       It affects your dexterity (-2).
   rN:        It greatly protects you from negative energy.
Scrolls
 c - 2 scrolls of identify {unknown}
 f - a scroll of amnesia {unknown}
 i - a scroll of fog {unknown}
 o - a scroll of enchant weapon {unknown}
Potions
 d - a potion of mutation {unknown}
 e - 2 potions of lignification {unknown}
 g - a potion of curing {unknown}
 h - a potion of magic {unknown}


   Skills:
 - Level 2.0 Fighting
 + Level 4.7 Ranged Weapons
 - Level 2.0 Dodging
 - Level 3.0 Stealth


You had 2 spell levels left.
You didn't know any spells.
Your spell library contained the following spells:

 Spells                   Type           Power      Damage    Failure   Level
 Summon Forest            Summ/Tloc      0%         N/A       100%        5
 Eringya's Noxious Bog    Tmut/Pois      0%         4d6       100%        6
 Summon Hydra             Summ           0%         N/A       100%        7


Dungeon Overview and Level Annotations

Branches:
Dungeon (2/15)

Altars:


Innate Abilities, Weirdness & Mutations

You cannot wear most types of armour.
You are amphibious.
You can wear up to eight rings at the same time.
Your skin changes colour to match your surroundings (Stealth+).
Your rubbery body absorbs attacks. (AC +1, EV +1)
((You are camouflaged when in or above water. (Stealth+)))
You have tentacles for arms and can constrict up to eight enemies at once.


Message History

There are monsters nearby!
You shoot an arrow. The orc shouts!
The arrow hits the orc.
You shoot an arrow. The arrow hits the orc.
You shoot an arrow.
The arrow hits the orc but does no damage.
An endoplasm comes into view.
You shoot an arrow.
The arrow hits the orc but does no damage.
The orc hits you with a +0 hand axe.
You shoot an arrow.
The arrow hits the orc but does no damage.
The orc hits you with a +0 hand axe. The orc misses you.
The orc attacks as you move away! The orc hits you with a +0 hand axe.
* * * LOW HITPOINT WARNING * * *
Fire: a) +0 shortbow
Press: ? - help, Q - select action Shift-Dir - straight line, f - orc
Aim: an orc, wielding a +0 hand axe (63% to hit)
You shoot an arrow.
The arrow hits the orc but does no damage.
The orc attacks as you move away! The orc closely misses you.
Fire: a) +0 shortbow
Press: ? - help, Q - select action Shift-Dir - straight line, f/p - orc
Aim: an orc, wielding a +0 hand axe (63% to hit)
You shoot an arrow. The arrow hits the orc.
The orc misses you.
Fire: a) +0 shortbow
Press: ? - help, Q - select action Shift-Dir - straight line, f/p - orc
Aim: an orc, wielding a +0 hand axe (lightly wounded, 63% to hit)
You shoot an arrow. The arrow hits the orc.
The orc hits you with a +0 hand axe.
* * * LOW HITPOINT WARNING * * *
Fire: a) +0 shortbow
Press: ? - help, Q - select action Shift-Dir - straight line, f/p - orc
Aim: an orc, wielding a +0 hand axe (heavily wounded, 63% to hit)
You shoot an arrow. The arrow completely misses the orc.
The arrow closely misses the orc.
The orc hits you with a +0 hand axe.
You die...

........##..........# #.#
##......###.........# #.#
##.......##.........### #####.###
..<...................###........
....................#...#........
.[#......###.........##..........
..##..........####.#.####........
.....#.†####..####J....##........
..##.....####...@oo..............
.####.....###..####.####.....####
####.......#..........##.....#
...................##........#
###.......#.......####.######
#......##......... ).
#...............## .#
#.......#.......# .
#.......#.......#


You could see 2 orcs and an endoplasm.

Vanquished Creatures
  An adder (D:2)
  A worm (D:2)
  An orc (D:2)
  2 ball pythons
  An endoplasm (D:2)
  A giant cockroach (D:1)
  3 goblins (D:2)
  4 hobgoblins (D:2)
  2 kobolds (D:2)
  A quokka (D:2)
  2 bats (D:2)
  A rat (D:2)
20 creatures vanquished.

Notes
Turn   | Place    | Note
-------+----------+-------------------------------------------
     0 | D:1      | ragingrage the Octopode Hunter began the quest for the Orb.
     0 | D:1      | Reached XP level 1. HP: 14/14 MP: 1/1
   110 | D:2      | Reached XP level 2. HP: 19/19 MP: 2/2
   209 | D:2      | Reached XP level 3. HP: 24/24 MP: 3/3
   225 | D:2      | Identified the +6 hand axe of the Blind Eye {drain, rN++
                  | Dex-2}
   454 | D:2      | Slain by an orc

Illustrated notes

Levels and vault maps discovered:
D:1:      dpeg_arrival_rhombi, layout_basic, minmay_misc_feat_diagonals
D:2:      layout_rooms

Skill      XL: |  1  2 |
---------------+-------+-----
Stealth        | 2 3 |  3.0
Fighting       | |  2.0
Ranged Weapons | |  4.7
Dodging        | |  2.0

Action                     || total
---------------------------++-------
  Melee: Hand axe          ||     6
         Constrict         ||     2
         Tentacles         ||     1
   Fire: Shortbow          ||    71
    Use: Scroll            ||     1
 Armour: Skin              ||     3
  Dodge: Dodged            ||    16

Table legend: (Time is in decaauts)
 A = Elapsed time spent in this place.
 B = Non-inter-level travel time spent in this place.
 C = Inter-level travel time spent in this place.
 D = Time resting spent in this place.
 E = Time spent auto-exploring this place.
 F = Levels seen in this place.
 G = Mean time per level.
                   A        B        C        D        E       F      G
               +--------+--------+--------+--------+--------+-----+--------+
         Total |    465 |    465 |      0 |     47 |    260 |   2 |  232.5 |
       Dungeon |    465 |    465 |      0 |     47 |    260 |   2 |  232.5 |
               +--------+--------+--------+--------+--------+-----+--------+

Top non-repeatable levels by time:
     D:2: 368 daAuts
     D:1: 97 daAuts
